 Dungeon Crawl Stone Soup version 0.27.1-33-g824d729ab1 (webtiles) character file.

Game seed: 15964300016969431002

42 sking99 the Skirmisher (level 3, -6/29 HPs)
             Began as a Demonspawn Fighter on Dec 10, 2021.
             Mangled by a gnoll (9 damage)
             ... on level 1 of the Dungeon.
             The game lasted 00:02:59 (1450 turns).

sking99 the Skirmisher (Demonspawn Fighter)         Turns: 1450, Time: 00:02:59

Health: -6/29      AC:  6    Str: 17    XL:     3   Next: 35%
Magic:  0/3        EV:  7    Int:  9    God:
Gold:   43         SH:  9    Dex: 12    Spells: 2/2 levels left

rFire    . . .     SeeInvis .   a - +0 war axe
rCold    + . .     Faith    .   c - +0 kite shield
rNeg     . . .     Spirit   +   b - +0 scale mail
rPois    .         Reflect  .   (no helmet)
rElec    .         Harm     .   (no cloak)
rCorr    .         Rampage  .   (no gloves)
Will     .....                  (no boots)
Stlth    ..........             (no amulet)
HPRegen  0.09/turn              e - ring of protection from cold
MPRegen  0.16/turn              (no ring)

@: no status effects
A: magic shield, magic regeneration
a: no special abilities


You were on level 1 of the Dungeon.
You visited 1 branch of the dungeon, and saw 2 of its levels.

You collected 43 gold pieces.

Inventory:

Hand Weapons
 a - a +0 war axe (weapon)
Armour
 b - a +0 scale mail (worn)
 c - a +0 kite shield (worn)
Jewellery
 e - a ring of protection from cold (left hand)
Scrolls
 f - a scroll of identify {unknown}
 i - a scroll of amnesia {unknown}
 k - a scroll of enchant weapon {unknown}
Potions
 d - a potion of might
 g - 2 potions of flight {unknown}
 h - 4 potions of curing {unknown}
 j - a potion of degeneration {unknown}


   Skills:
 + Level 3.3 Fighting
 * Level 2.5 Axes
 + Level 3.0 Armour
 + Level 3.0 Shields


You had 2 spell levels left.
You didn't know any spells.
Your spell library was empty.

Dungeon Overview and Level Annotations

Branches:
Dungeon (2/15)

Altars:


Innate Abilities, Weirdness & Mutations

When hurt, damage is shared between your health and your magic reserves.
You regenerate magic rapidly.


Message History

Magic restored.
Found a stone staircase leading down.
A worm comes into view. 3 gnolls come into view.
A gnoll is wielding a +1 whip of electrocution.
Found 26 arrows.
The gnoll shouts! x2; You hear an angry hiss.
You block the gnoll's attack. The gnoll hits you but does no damage.
The gnoll completely misses you.
You barely miss the gnoll. You slash the gnoll! You block the gnoll's attack.
The gnoll hits you with a +1 whip of electrocution.
The gnoll hits you but does no damage. The gnoll barely misses you.
A ball python comes into view.
The gnoll hits you with a +1 whip of electrocution.
You are electrocuted!
You block the gnoll's attack.
You are too injured to fight recklessly!
You are too injured to fight recklessly!
Unknown command.
The gnoll hits you from afar with a +0 spear.
The worm bites you.
* * * LOW HITPOINT WARNING * * *
You block the gnoll's attack.
You barely miss the gnoll. The gnoll hits you with a +0 flail.
* * * LOW HITPOINT WARNING * * *
You block the gnoll's attack.
You hit the gnoll.
The gnoll is lightly wounded.
The gnoll hits you with a +0 flail.
* * * LOW HITPOINT WARNING * * *
There is an open door here.
There is an escape hatch in the ceiling here.
You block the gnoll's attack. A mysterious force pulls you upwards.
The hatch slams shut behind you.
You closely miss the gnoll. The gnoll barely misses you.
The gnoll hits you with a +0 flail.
* * * LOW HITPOINT WARNING * * *
You hit the gnoll.
The gnoll is lightly wounded.
The gnoll hits you with a +0 flail!
You die...

#......# #
####'#.# # #.#.#
############.#.#
#............#.#
##.###########(###
#..).........>...
#####..........###
#@..#.#.....##.###
##g.#.#.....##.##.
#..#.#.....##.#..
#..#.#.....##.#..
#..#.#.....##....
#..#.#.....#####.
#..#.####### ##
##..#.############
#...#.............


You could see a gnoll.

Vanquished Creatures
  A worm (D:2)
  2 dart slugs (D:1)
  3 endoplasms
  3 goblins (D:1)
  4 hobgoblins
  4 kobolds (D:1)
  2 quokkas (D:1)
  4 ball pythons (D:1)
  5 bats
  2 frilled lizards (D:1)
  4 rats
34 creatures vanquished.

Notes
Turn   | Place    | Note
-------+----------+-------------------------------------------
     0 | D:1      | sking99 the Demonspawn Fighter began the quest for the Orb.
     0 | D:1      | Reached XP level 1. HP: 18/18 MP: 1/1
   281 | D:1      | Gained mutation: You regenerate magic rapidly. [demonic
                  | ancestry]
   281 | D:1      | Reached XP level 2. HP: 24/24 MP: 2/2
   848 | D:1      | Gained mutation: When hurt, damage is shared between your
                  | health and your magic reserves. [demonic ancestry]
   848 | D:1      | Reached XP level 3. HP: 29/29 MP: 3/3
  1425 | D:2      | HP: 1/29 [gnoll (4)]
  1450 | D:1      | Mangled by a gnoll

Illustrated notes

Levels and vault maps discovered:
D:1:      minmay_arrival_shoal_huts, layout_basic, serial_glass,
          glass_columns_a, glass_columns_b
D:2:      layout_basic, chequers_serial_rivers_micro_e

Skill      XL: |  1  2  3 |
---------------+----------+-----
Axes           | 2 |  2.5
Armour         | 3 |  3.0
Shields        | 3 |  3.0
Fighting       | |  3.3

Action                   || total
-------------------------++-------
Melee: War axe           ||    85
Armor: Scale mail        ||    46
Dodge: Dodged            ||    25
Block: Kite shield       ||    48
